 Dungeon Crawl Stone Soup version 0.29-a0-723-gce39da1c22 (webtiles) character file.

Game seed: 17523049228148189326

4110 gobodom the Basher (level 10, -11/96 HPs)
             Began as a Troll Gladiator on June 28, 2022.
             Was an Elder of Sif Muna.
             Mangled by a death knight
             ... wielding a +3 morningstar
              (28 damage)
             ... on level 8 of the Dungeon.
             The game lasted 00:34:51 (8538 turns).

gobodom the Basher (Troll Gladiator)                Turns: 8538, Time: 00:34:51

Health: -11/96     AC:  8    Str: 24    XL:     10   Next: 6%
Magic:  0/10       EV: 15    Int:  8    God:    Sif Muna [****..]
Gold:   525        SH:  0    Dex: 11    Spells: 7/9 levels left

rFire   . . .      SeeInvis .   r - +2 flail (drain)
rCold   + . .      Faith    .   (no shield)
rNeg    . . .      Spirit   +   b - +0 robe
rPois   .          Reflect  .   c - +1 hat
rElec   .          Harm     .   F - +2 cloak {rCorr}
rCorr   +          Rampage  .   (gloves unavailable)
Will    .....                   (boots unavailable)
Stlth   ++........              x - amulet of guardian spirit
HPRegen 1.06/turn               o - +4 ring of evasion
MPRegen 0.12/turn               p - ring of protection from cold

@: about to teleport, flayed
A: large, unfitting armour, claws 3, regeneration 1, shaggy fur 1, tough skin 1,
high MP 1, noise suppression
a: Renounce Religion, Channel Magic, Forget Spell, Divine Exegesis


You were on level 8 of the Dungeon.
You worshipped Sif Muna.
Sif Muna was greatly pleased with you.
You visited 2 branches of the dungeon, and saw 9 of its levels.

You collected 525 gold pieces.

Inventory:

Hand Weapons
 d - a +2 giant spiked club
 k - a +1 whip of flaming
 m - a +4 spear of freezing
 n - a +3 antimagic dagger
 r - a +2 flail of draining (weapon)
 u - a +2 morningstar
 v - a +4 hand axe
 A - a +2 vorpal trident
 B - a +2 vampiric spear
 E - a +3 quarterstaff of chaos
Missiles
 w - a large rock (quivered)
 z - 2 atropa-tipped darts
Armour
 b - a +0 robe (worn)
 c - a +1 hat (worn)
 y - a scarf of invisibility
 F - a +2 cloak of preservation (worn)
Jewellery
 o - a +4 ring of evasion (left claw)
 p - a ring of protection from cold (right claw)
 x - an amulet of guardian spirit (around neck)
Wands
 C - a wand of iceblast (10)
Scrolls
 e - 5 scrolls of identify
 f - a scroll of fog
 g - 4 scrolls of teleportation
 h - a scroll of enchant armour
 j - a scroll of immolation
 s - a scroll of torment
 t - a scroll of fear
 G - a scroll of enchant weapon
Potions
 a - a potion of magic
 i - 2 potions of curing
 l - a potion of might
 q - 2 potions of cancellation


   Skills:
 + Level 5.0 Fighting
 + Level 9.7 Maces & Flails
 + Level 3.9 Throwing
 + Level 5.8 Dodging
 + Level 2.5 Stealth
 * Level 0.1 Translocations
 * Level 0.2 Invocations


You had 7 spell levels left.
You knew the following spells:

 Your Spells              Type           Power      Damage    Failure   Level
a - Blink                 Tloc           0%         N/A       54%         2

Your spell library contained the following spells:

 Spells                   Type           Power      Damage    Failure   Level
 Lesser Beckoning         Tloc           0%         N/A       77%         3
 Manifold Assault         Tloc           0%         N/A       100%        5


Dungeon Overview and Level Annotations

Branches:
Dungeon (8/15)             Temple (1/1) D:6
   Lair: D:8-11

Altars:
Ashenzari
Cheibriados
Dithmenos
Elyvilon
Fedhas
Gozag
Hepliaklqana
Kikubaaqudgha
Makhleb
Nemelex Xobeh
Okawaru
Qazlal
Ru
Sif Muna
Trog
Uskayaw
Vehumet
Wu Jian
Xom
Yredelemnul
Zin
The Shining One

Shops:
D:5 (


Innate Abilities, Weirdness & Mutations

You are too large for most types of armour.
You have claws for hands.
Your natural rate of healing is unusually fast.
You are covered in fur. (AC +1)
You have tough skin. (AC +1)
You have an increased reservoir of magic. (+10% MP)
You passively dampen the noise of your surroundings.


Message History

Throw: 4 large rocks
Press: ? - help, Q - select action, (/) - cycle Shift-Dir - straight line, f/p - death knight
Aim: a death knight, wielding a +3 morningstar and wearing a +0 chain mail of positive energy (lightly wounded, reflecting injuries, 59% to hit)
You throw a large rock.
The large rock hits the death knight but does no damage.
The death knight is lightly wounded.
Throw: 3 large rocks
Press: ? - help, Q - select action, (/) - cycle Shift-Dir - straight line, f/p - death knight
Aim: a death knight, wielding a +3 morningstar and wearing a +0 chain mail of positive energy (lightly wounded, reflecting injuries, 59% to hit)
You throw a large rock. The large rock hits the death knight!
The death knight is moderately wounded.
The death knight reflects your damage back at you!
The death knight invokes the aid of Yredelemnul against you.
Your body is wracked with pain!
* * * LOW HITPOINT WARNING * * *
The flayed ghost stares at you with tortured malice.
Terrible wounds spread across more of your body!
* * * LOW HITPOINT WARNING * * *
You enter the transporter and appear at another place.
The death knight hits you but does no damage.
The flayed ghost misses you. The death knight barely misses you.
The death knight's dark mirror aura disappears.
You are too injured to fight recklessly!
Throw: 2 large rocks
Press: ? - help, Q - select action, (/) - cycle Shift-Dir - straight line, f/p - death knight
Aim: a death knight, wielding a +3 morningstar and wearing a +0 chain mail of positive energy (moderately wounded, 59% to hit)
You throw a large rock.
The large rock hits the death knight but does no damage.
The death knight is moderately wounded.
The death knight misses you.
The death knight hits you with a +3 morningstar!
* * * LOW HITPOINT WARNING * * *
You feel much better.
The death knight hits you with a +3 morningstar!!
* * * LOW HITPOINT WARNING * * *
As you read the scroll of teleportation, it crumbles to dust.
You feel strangely unstable.
The death knight hits you with a +3 morningstar!!
You die...

#)#..##...##..#...#####..##.# #
#.#.....©.....#...##......... #
#)#..##...##..#....#.##..##.# #
#.#..#8...8#..#..........##.# #
#.#..##(..##..#....#####.##.# #
#.#...(...M...#...## #.##..
#####.#©.(_)⌠=z{W.#...######.####
....#.#############.>........# #
###.#.......©.Wp@...#'######## #
###.######....######...## # ..#.#
##..## ##.....## ### ....#
###...# ##.......## ##..
....####.....####.........####...
................+..!......+......
#.#.####.#...####.........####...
..#.# #.##.## ##.......## ##..
###.# #.#### ##.....## #.#


You could see a death knight, a flayed ghost, a wraith, a mummy and a wight.

Vanquished Creatures
  Pikel (D:4)
  A cyclops (D:8)
  A hornet (D:8)
  Grinder (D:3)
  3 water moccasins
  Duvessa (D:5)
  A black bear (D:5)
  An ice beast (D:7)
  2 ogres
  2 centaurs
  A phantom (D:5)
  2 necrophages
  A bullfrog (D:8)
  A gnoll sergeant (D:7)
  9 wights (D:7)
  Dowan (D:5)
  3 killer bees (D:7)
  2 howler monkeys
  2 gnoll shamans
  A jelly (D:4)
  3 hounds
  2 orc priests (D:5)
  Crazy Yiuf (D:6)
  Natasha (thrice) (D:3)
  3 iguanas
  5 orc wizards
  17 gnolls
  5 adders
  A shadow imp (D:6)
  3 white imps
  3 ufetubi
  2 worms
  11 orcs
  7 bats
  2 endoplasms
  5 giant cockroaches
  8 goblins
  5 hobgoblins
  5 jackals
  2 ball pythons
  4 frilled lizards
  11 kobolds
  7 rats
152 creatures vanquished.

Vanquished Creatures (others)
  6 fungi
  4 toadstools (D:2)
10 creatures vanquished.

Grand Total: 162 creatures vanquished

Notes
Turn   | Place    | Note
-------+----------+-------------------------------------------
     0 | D:1      | gobodom the Troll Gladiator began the quest for the Orb.
     0 | D:1      | Reached XP level 1. HP: 19/19 MP: 0/0
   142 | D:1      | You fall into a shaft and drop 1 floor!
   176 | D:2      | Reached skill level 3 in Maces & Flails
   224 | D:2      | Reached XP level 2. HP: 28/28 MP: 1/1
   341 | D:2      | Found a faded altar of an unknown god.
   368 | D:2      | Reached XP level 3. HP: 35/35 MP: 2/2
   396 | D:2      | Prayed at the altar of an unknown god.
   396 | D:2      | Became a worshipper of Sif Muna the Loreminder
   396 | D:2      | Reached * piety under Sif Muna
   575 | D:2      | Reached XP level 4. HP: 39/42 MP: 3/3
  1348 | D:1      | Reached ** piety under Sif Muna
  2086 | D:3      | Found a glowing golden altar of the Shining One.
  2089 | D:3      | Found a stormy altar of Qazlal.
  2238 | D:3      | Noticed Grinder
  2264 | D:3      | Paralysed by Grinder for 2 turns
  2269 | D:3      | Paralysed by Grinder for 2 turns
  2275 | D:3      | Paralysed by Grinder for 2 turns
  2284 | D:3      | Killed Grinder
  2285 | D:3      | Reached skill level 4 in Maces & Flails
  2285 | D:3      | Reached XP level 5. HP: 27/50 MP: 4/4
  2285 | D:3      | Reached XP level 6. HP: 33/59 MP: 5/5
  2390 | D:3      | Noticed Natasha
  2401 | D:3      | Killed Natasha
  2699 | D:3      | Noticed Natasha
  2710 | D:3      | Killed Natasha
  3155 | D:3      | Noticed Natasha
  3172 | D:3      | Killed Natasha
  3173 | D:3      | Reached skill level 5 in Maces & Flails
  3188 | D:4      | Noticed Pikel
  3213 | D:4      | Killed Pikel
  3214 | D:4      | Reached skill level 6 in Maces & Flails
  3214 | D:4      | Reached skill level 1 in Stealth
  3214 | D:4      | Reached XP level 7. HP: 35/67 MP: 6/6
  3762 | D:4      | Reached XP level 8. HP: 60/75 MP: 7/7
  4000 | D:5      | Entered Level 5 of the Dungeon
  4201 | D:5      | Found Vosashrug's Antique Weapon Boutique.
  4242 | D:5      | Reached *** piety under Sif Muna
  4243 | D:5      | Reached skill level 7 in Maces & Flails
  4257 | D:5      | Noticed Dowan
  4260 | D:5      | Noticed Duvessa
  4300 | D:5      | Killed Duvessa
  4307 | D:5      | Killed Dowan
  4367 | D:5      | Found a shadowy altar of Dithmenos.
  4373 | D:5      | Gained mutation: You have an increased reservoir of magic.
                  | (+10% MP) [potion of mutation]
  4373 | D:5      | Gained mutation: You passively dampen the noise of your
                  | surroundings. [potion of mutation]
  5015 | D:6      | Found a staircase to the Ecumenical Temple.
  5025 | Temple   | Entered the Ecumenical Temple
  5516 | D:6      | Reached XP level 9. HP: 54/84 MP: 8/8
  5739 | D:6      | Found a runed translucent door.
  5740 | D:6      | Noticed Crazy Yiuf
  5750 | D:6      | Killed Crazy Yiuf
  5828 | D:7      | Reached skill level 8 in Maces & Flails
  6481 | D:7      | Reached skill level 5 in Dodging
  6747 | D:7      | Reached skill level 9 in Maces & Flails
  7363 | D:8      | Noticed a cyclops
  7412 | D:8      | Killed a cyclops
  7546 | D:8      | Found a transporter.
  7571 | D:8      | Found a transporter.
  7571 | D:8      | Found an ancient bone altar of Kikubaaqudgha.
  7575 | D:8      | Noticed a flayed ghost
  7581 | D:8      | Found a basalt altar of Yredelemnul.
  7583 | D:8      | Noticed a death knight
  7686 | D:8      | Reached **** piety under Sif Muna
  7722 | D:8      | Reached skill level 5 in Fighting
  7757 | D:8      | Paralysed by a hornet for 1 turns
  7773 | D:8      | Reached XP level 10. HP: 59/96 MP: 8/10
  7835 | D:8      | Learned a level 2 spell: Blink
  8257 | D:8      | Found a white marble altar of Elyvilon.
  8538 | D:8      | Mangled by a death knight

Illustrated notes

Levels and vault maps discovered:
D:1:      erik_arrival_cave_to_civilisation [erik_arrival_cave_to_hall],
          layout_loops_ring
D:2:      layout_basic, basic_ecumenical_altar, eino_curves_01, st_stairs_3,
          minmay_gold_behind_fungi
D:3:      layout_basic, chequers_temple_overflow_statue_of_worship,
          uniq_natasha, uniq_grinder
D:4:      layout_loops_ring, minmay_misc_feat_rugged, uniq_pikel
D:5:      layout_basic, nicolae_dithmenos_through_a_glass_darkly, serial_shops,
          nicolae_take_the_stairs, uniq_duvessa
D:6:      layout_loops_ring, temple_hall, uniq_crazy_yiuf_cottage
D:7:      layout_layer_cave
D:8:      layout_loops_corners, kennysheep_mini_moat,
          gammafunk_temple_of_torment
Temple:   eino_temple_rhombus

Skill      XL: |  1  2  3  4  5  6  7  8  9 |
---------------+----------------------------+-----
Maces & Flails | 3 4 6 7 9 |  9.7
Throwing       | 2 3 |  3.9
Fighting       | 2 3 4 5 |  5.0
Dodging        | 3 4 5 |  5.8
Stealth        | 1 2 |  2.5
Translocations | |  0.1
Invocations    | |  0.2

Action                   |  1- 3 |  4- 6 |  7- 9 | 10-12 || total
-------------------------+-------+-------+-------+-------++-------
Melee: Flail             |   112 |   159 |    62 |    28 ||   361
       Punch             |     1 |     1 |     5 |       ||     7
       Whip              |       |       |   195 |       ||   195
       Giant spiked club |       |       |   125 |       ||   125
Throw: Dart              |       |     4 |    20 |       ||    24
       Throwing net      |       |     3 |     5 |       ||     8
       Large rock        |       |     1 |    22 |     4 ||    27
Evoke: Wand              |       |       |     1 |       ||     1
  Use: Potion            |       |     3 |     7 |     1 ||    11
       Scroll            |       |       |    19 |     1 ||    20
 Stab: Sleeping          |       |     2 |     3 |       ||     5
       Fleeing           |       |       |     1 |       ||     1
       Invisible         |       |       |     1 |       ||     1
Armor: Robe              |    47 |    54 |   100 |     5 ||   206
Dodge: Dodged            |    76 |    91 |   371 |    14 ||   552

Table legend: (Time is in decaauts)
 A = Elapsed time spent in this place.
 B = Non-inter-level travel time spent in this place.
 C = Inter-level travel time spent in this place.
 D = Time resting spent in this place.
 E = Time spent auto-exploring this place.
 F = Levels seen in this place.
 G = Mean time per level.
                   A        B        C        D        E       F      G
               +--------+--------+--------+--------+--------+-----+--------+
         Total |   8611 |   8176 |    435 |    208 |   5074 |   9 |  956.8 |
       Dungeon |   8388 |   7953 |    435 |    208 |   4898 |   8 | 1048.5 |
        Temple |    223 |    223 |      0 |      0 |    176 |   1 |  223.0 |
               +--------+--------+--------+--------+--------+-----+--------+

Top non-repeatable levels by time:
     D:7: 1524 daAuts
     D:3: 1496 daAuts
     D:8: 1240 daAuts
     D:1: 909 daAuts
     D:2: 829 daAuts
     D:4: 808 daAuts
     D:6: 807 daAuts
     D:5: 771 daAuts
  Temple: 223 daAuts
